 Dungeon Crawl Stone Soup version 0.26.0-10-g1f06aea511 (webtiles) character file.

Game seed: 10079286152640212888

18799 Borgoz the Carver (level 12, -8/104 HPs)
             Began as a Ghoul Gladiator on Jan 30, 2021.
             Was a Priest of Dithmenos.
             Mangled by Rupert
             ... wielding a +5 vorpal battleaxe
              (30 damage)
             ... on level 14 of the Dungeon.
             The game lasted 00:37:21 (16511 turns).

Borgoz the Carver (Ghoul Gladiator)                Turns: 16511, Time: 00:37:21

Health: -8/104     AC:  7    Str: 24    XL:     12   Next: 62%
Magic:  11/11      EV: 17    Int:  3    God:    Dithmenos [***...]
Gold:   1111       SH: 10    Dex: 14    Spells: 11/11 levels left

rFire    . . .     SeeInvis .   b - +4 falchion (vorpal)
rCold    + . .     Faith    .   g - +0 buckler
rNeg     + + +     Spirit   .   E - +0 leather armour of the Black Moon {Will+ Str+5}
rPois    ∞         Reflect  +   c - +0 helmet
rElec    .         Harm     .   (no cloak)
rCorr    .         Rampage  .   j - +0 pair of gloves
Will     ++...                  (no boots)
Stlth    +++.......             k - amulet of reflection
HPRegen  0.00/turn              l - +4 ring of slaying
MPRegen  0.12/turn              i - ring of willpower

@: mighty, hasted, wreathed by umbra, very quick
A: claws 1, cold resistance 1, negative energy resistance 3, inhibited
regeneration, torment resistance, unbreathing
a: Renounce Religion, Shadow Step


You were on level 14 of the Dungeon.
You worshipped Dithmenos.
Dithmenos was most pleased with you.
You visited 2 branches of the dungeon, and saw 15 of its levels.
You also visited: Sewer.

You collected 1163 gold pieces.
You spent 52 gold pieces at shops.

Inventory:

Hand Weapons
 b - a +4 vorpal falchion (weapon)
 f - the +9 morningstar of Popular Demand {freeze, *Rage rN+ Int+4 Dex+3, unknown}
   (You found it on level 12 of the Dungeon)

   It has been specially enchanted to freeze those struck by it, causing extra
   injury to most foes and up to half again as much damage against particularly
   susceptible opponents.
   It can also slow down cold-blooded creatures.
   It affects your intelligence (+4).
   It affects your dexterity (+3).
   It protects you from negative energy.
   It may make you go berserk in combat.
 u - a +1 short sword of draining
 D - a +0 scimitar
 N - a +0 scimitar
Armour
 c - a +0 helmet (worn)
 g - a +0 buckler (worn)
 j - a +0 pair of gloves (worn)
 E - the +0 leather armour of the Black Moon (worn) {Will+ Str+5}
   (You found it on level 6 of the Dungeon)

   It affects your strength (+5).
   It affects your willpower, your defense against some magical effects.
 G - a +1 ring mail of fire resistance
 H - a +0 troll leather armour
Jewellery
 i - a ring of willpower (right hand)
 k - an amulet of reflection (around neck)
 l - a +4 ring of slaying (left hand)
 v - an uncursed ring of see invisible
 K - a +6 ring of intelligence
 L - an uncursed ring of ice
Wands
 s - a wand of flame (67)
 x - a wand of disintegration (3)
 y - a wand of acid (23)
 M - a wand of paralysis (3)
 O - a wand of iceblast (6)
Scrolls
 a - a scroll of vulnerability {unknown}
 e - 2 scrolls of enchant armour
 h - 6 scrolls of remove curse
 n - 6 scrolls of teleportation
 o - a scroll of fear
 r - 3 scrolls of magic mapping
 w - a scroll of fog
 F - a scroll of blinking
 I - a scroll of summoning {unknown}
 J - 6 scrolls of identify
Potions
 m - 3 potions of cancellation
 p - 5 potions of curing
 q - a potion of magic
 t - 3 potions of heal wounds
 z - a potion of haste
 A - 8 potions of flight
 B - 2 potions of might
 C - a potion of brilliance


   Skills:
 + Level 9.2 Fighting
 * Level 11.0 Long Blades
 - Level 1.7 Throwing
 * Level 9.9 Armour
 + Level 8.9 Dodging
 - Level 4.3 Stealth
 + Level 3.5 Shields
 - Level 3.2 Evocations


You had 11 spell levels left.
You didn't know any spells.
Your spell library contained the following spells:

 Spells                   Type           Power        Failure   Level
 Animate Skeleton         Necr           0%           58%         1
 Apportation              Tloc           0%           58%         1
 Corona                   Hex            0%           58%         1
 Summon Small Mammal      Summ           0%           58%         1


Dungeon Overview and Level Annotations

Branches:
Dungeon (14/15)            Temple (1/1) D:7            Lair (0/6) D:10
    Orc (0/2) D:10          Sewer (visited)
 Vaults: D:13-14

Altars:
Ashenzari
Cheibriados
Dithmenos
Elyvilon
Fedhas
Gozag
Hepliaklqana
Kikubaaqudgha
Makhleb
Nemelex Xobeh
Okawaru
Qazlal
Ru
Sif Muna
Trog
Uskayaw
Vehumet
Wu Jian
Xom
Yredelemnul
Zin
The Shining One
Beogh

Shops:
D:4 [   D:5 !   D:7 }   D:11 *

Annotations:
D:14 Rupert


Innate Abilities, Weirdness & Mutations

You thrive by killing the living.
You are immune to poison.
You have sharp fingernails.
Your flesh is cold resistant. (rC+)
You are immune to negative energy. (rN+++)
You do not regenerate when monsters are visible.
You are immune to unholy pain and torment.
You can survive without breathing.


Message History

You slash Rupert!
Rupert is moderately wounded.
Rupert struggles against the net.
The net rips apart, and Rupert comes free!
You closely miss Rupert.
Rupert is moderately wounded.
You block Rupert's attack.
You barely miss Rupert.
Rupert is moderately wounded.
Rupert hits you with a +5 vorpal battleaxe!!
You slash Rupert!
Rupert is moderately wounded.
You block Rupert's attack.
You feel yourself speed up.
Rupert hits you with a +5 vorpal battleaxe!!!
* * * LOW HITPOINT WARNING * * *
x2 You slash Rupert!
Rupert is heavily wounded.
Rupert hits you with a +5 vorpal battleaxe!!
You die...

..# #.# #.#
#.# #.# #.#
###.#####
#@@....(#
###.......#
#.........#
#.#..........
#.#.......###
. #.......#
.# #.......#
.. #.......#
#.......#


You could see Rupert (berserk).

Vanquished Creatures
  A centaur warrior (D:13)
  4 two-headed ogres
  An unseen horror (D:13)
  A deep elf mage (D:13)
  2 ugly things
  A manticore (D:12)
  2 cyclopes
  A kobold demonologist (D:13)
  A troll (D:9)
  Grinder (D:5)
  A hornet (D:9)
  3 yaks (D:11)
  Sigmund (D:5)
  A vampire (D:13)
  2 wraiths
  A basilisk (D:12)
  A steam dragon (D:9)
  Eustachio (D:6)
  Menkaure (D:6)
  2 vampire mosquitoes (D:13)
  Edmund (D:5)
  A soldier ant (D:12)
  3 water moccasins
  Duvessa (D:6)
  7 orc warriors
  2 sky beasts
  6 ice beasts
  3 black bears
  4 ogres
  3 phantoms
  5 centaurs
  10 big kobolds
  7 bullfrogs
  2 gnoll sergeants
  A wyvern zombie (D:8)
  Dowan (D:6)
  2 scorpions
  A killer bee (D:8)
  3 wights (D:4)
  2 electric eels (D:10)
  A howler monkey (D:8)
  2 quasits
  A centaur zombie (D:6)
  5 hounds
  2 centaur skeletons
  A gnoll shaman (D:7)
  10 orc priests
  6 bullfrog skeletons
  5 jellies
  3 iguanas
  21 orc wizards
  9 worker ants
  2 hound zombies
  A hound skeleton (D:11)
  17 gnolls
  12 adders
  2 howler monkey skeletons
  4 white imps
  3 ufetubi
  2 oozes
  An adder zombie (D:8)
  2 adder skeletons (D:4)
  3 worms
  3 dart slugs
  10 leopard geckos
  63 orcs
  9 giant cockroaches
  4 goblins
  14 hobgoblins
  7 jackals
  4 quokkas
  5 ball pythons
  A ball python skeleton (D:4)
  8 bats
  5 frilled lizards
  A jackal skeleton (D:4)
  A jackal zombie (D:6)
  34 kobolds
  A leopard gecko zombie (D:7)
  A quokka skeleton (D:7)
  9 rats
389 creatures vanquished.

Vanquished Creatures (others)
  9 plants
9 creatures vanquished.

Grand Total: 398 creatures vanquished

Notes
Turn   | Place    | Note
-------+----------+-------------------------------------------
     0 | D:1      | Borgoz the Ghoul Gladiator began the quest for the Orb.
     0 | D:1      | Reached XP level 1. HP: 17/17 MP: 0/0
   239 | D:1      | Reached XP level 2. HP: 20/25 MP: 1/1
   752 | D:1      | Reached skill level 3 in Long Blades
   761 | D:1      | Reached skill level 1 in Armour
   912 | D:1      | Reached XP level 3. HP: 29/30 MP: 2/2
  1136 | D:2      | Found an iron altar of Okawaru.
  1895 | D:2      | Reached XP level 4. HP: 37/37 MP: 3/3
  2466 | D:3      | Reached XP level 5. HP: 38/45 MP: 4/4
  3106 | D:4      | Found a shimmering altar of Xom.
  3120 | D:4      | Found Dotaiwky's Armour Shop.
  3131 | D:4      | Reached skill level 4 in Long Blades
  3308 | D:4      | Reached XP level 6. HP: 51/51 MP: 5/5
  3561 | D:4      | Noticed a +0 dagger
  3561 | D:4      | Noticed a +0 hand axe
  3633 | D:4      | Found a hide-covered altar of Uskayaw.
  3655 | D:4      | Reached XP level 7. HP: 32/58 MP: 6/6
  4116 | D:4      | Found a white marble altar of Elyvilon.
  4397 | D:5      | Entered Level 5 of the Dungeon
  4397 | D:5      | Noticed Grinder
  4404 | D:5      | Paralysed by Grinder for 3 turns
  4415 | D:5      | Paralysed by Grinder for 5 turns
  4423 | D:5      | Killed Grinder
  4424 | D:5      | Reached skill level 5 in Long Blades
  4559 | D:5      | Reached XP level 8. HP: 48/67 MP: 7/7
  4783 | D:5      | Noticed Edmund
  4803 | D:5      | Killed Edmund
  4850 | D:5      | Noticed Sigmund
  4860 | D:5      | Killed Sigmund
  4861 | D:5      | Reached skill level 5 in Armour
  4896 | D:5      | Found a hazy altar of Hepliaklqana.
  4897 | D:5      | Found a basalt altar of Yredelemnul.
  4898 | D:5      | Found an ornate altar of the Wu Jian Council.
  5032 | D:5      | Reached skill level 6 in Long Blades
  5033 | D:5      | Found Nagalog's Distillery.
  5521 | D:6      | Noticed Duvessa
  5521 | D:6      | Noticed Dowan
  5528 | D:6      | Killed Duvessa
  5529 | D:6      | Reached skill level 5 in Fighting
  5531 | D:6      | Killed Dowan
  5607 | D:6      | Reached XP level 9. HP: 66/74 MP: 8/8
  5631 | D:6      | Reached skill level 5 in Dodging
  5815 | D:6      | Found a glowing drain.
  5823 | Sewer    | Entered a sewer
  5987 | Sewer    | Reached skill level 7 in Long Blades
  6123 | D:6      | Noticed Eustachio
  6154 | D:6      | Killed Eustachio
  6225 | D:6      | Got a translucent leather armour
  6238 | D:6      | Identified the cursed +0 leather armour of the Black Moon
                  | {Will+ Str+5} (You found it on level 6 of the Dungeon)
  6241 | D:6      | Reached skill level 9 in Long Blades
  6241 | D:6      | Reached XP level 10. HP: 86/86 MP: 9/9
  6311 | D:6      | Found a shimmering blue altar of Sif Muna.
  6495 | D:6      | Noticed Menkaure
  6501 | D:6      | Killed Menkaure
  7118 | D:7      | Found Zatel's Gadget Shop.
  7462 | D:7      | Found a staircase to the Ecumenical Temple.
  7475 | Temple   | Entered the Ecumenical Temple
  7573 | Temple   | Became a worshipper of Dithmenos the Shadowed
  7651 | D:8      | Found an iron altar of Okawaru.
  7946 | D:8      | Found a broken altar of Ashenzari.
  8014 | D:8      | Reached XP level 11. HP: 92/92 MP: 10/10
  8248 | D:8      | Reached * piety under Dithmenos
  8559 | D:8      | Noticed a two-headed ogre
  8567 | D:8      | Killed a two-headed ogre
  8842 | D:9      | Noticed a two-headed ogre
  8850 | D:9      | Killed a two-headed ogre
  9171 | D:9      | Found a glowing silver altar of Zin.
  9527 | D:9      | Found a glowing golden altar of the Shining One.
  9748 | D:10     | Entered Level 10 of the Dungeon
  9835 | D:10     | Noticed a two-headed ogre
  9845 | D:10     | Killed a two-headed ogre
  9846 | D:10     | Reached skill level 10 in Long Blades
  9846 | D:10     | Reached skill level 1 in Shields
  9926 | D:10     | Found a staircase to the Orcish Mines.
 10111 | D:10     | Reached ** piety under Dithmenos
 10412 | D:10     | Found a staircase to the Lair.
 11256 | D:10     | Found a roughly hewn altar of Beogh.
 12154 | D:11     | Found Okokuici's Assorted Antiques.
 12162 | D:11     | Bought a scroll of identify for 52 gold pieces
 13292 | D:11     | Reached *** piety under Dithmenos
 13438 | D:11     | Noticed a cyclops
 13446 | D:11     | Killed a cyclops
 13947 | D:12     | Reached XP level 12. HP: 87/103 MP: 11/11
 14579 | D:12     | Got an ivory morningstar
 14917 | D:13     | Noticed a two-headed ogre
 14929 | D:13     | Killed a two-headed ogre
 16346 | D:14     | Noticed a centaur warrior
 16347 | D:14     | Noticed Rupert
 16428 | D:13     | Killed a centaur warrior
 16429 | D:13     | Reached skill level 11 in Long Blades
 16511 | D:14     | Mangled by Rupert

Illustrated notes

Levels and vault maps discovered:
D:1:      dpeg_arrival_refuge, layout_basic, minmay_misc_feat_diagonals,
          wad_floor_pattern_2
D:2:      layout_loops_corners, okawaru_ov_weapons_minmay
D:3:      layout_loops_corners
D:4:      layout_basic, dancing_weapons_uskayaw, nicolae_overflow_hidden_temple,
          serial_shops, shop, xom_teletrap_fun
D:5:      layout_rooms, chequers_temple_overflow_statue_of_worship,
          serial_shops, shop, uniq_sigmund, uniq_edmund, uniq_grinder
D:6:      layout_rooms, led_sif_book, gup_sewer_entry_pipe, uniq_eustachio,
          uniq_duvessa, uniq_menkaure
D:7:      layout_loops_ring, minmay_temple_entry_gardened_gates, serial_shops,
          shop
D:8:      minmay_chambers_of_sixes, layout_gridville,
          nicolae_ashenzari_panopticon, basic_altar
D:9:      layout_irregular_city, lemuel_coloured_pillars_altar, tso_altar
D:10:     layout_basic, lair_entry_dummy, minmay_orc_entry_temple_small,
          chequers_serial_rivers_small_b
D:11:     layout_stronghold, serial_shops, shop_fountains
D:12:     layout_irregular_city, grunt_decor_one_mirror
D:13:     layout_layer_cave
D:14:     layout_roguey, erik_vaults_2, chequers_serial_rivers_micro_c,
          uniq_rupert
Temple:   dshaligram_water_room_temple

Skill      XL: |  1  2  3  4  5  6  7  8  9 10 11 12 |
---------------+-------------------------------------+-----
Long Blades    | 3 4 5 6 9 10 11 | 11.0
Armour         | 1 2 3 4 5 7 9 |  9.9
Dodging        | 3 4 7 8 |  8.9
Fighting       | 3 4 5 7 8 9 |  9.2
Stealth        | 4 |  4.3
Evocations     | 3 |  3.2
Shields        | 2 3 |  3.5
Throwing       | |  1.7

Action                   |  1- 3 |  4- 6 |  7- 9 | 10-12 || total
-------------------------+-------+-------+-------+-------++-------
Melee: Long sword        |   110 |   158 |   146 |       ||   414
       Falchion          |       |       |   175 |   683 ||   858
Throw: Throwing net      |       |       |       |     8 ||     8
Evoke: Wand              |       |       |       |     5 ||     5
  Use: Scroll            |       |       |     8 |    17 ||    25
       Potion            |       |       |     1 |     6 ||     7
 Stab: Sleeping          |       |       |       |    16 ||    16
       Held in net/web   |       |       |       |     7 ||     7
       Distracted        |       |       |       |     2 ||     2
Armor: Leather armour    |    13 |       |       |    74 ||    87
       Ring mail         |    12 |    42 |   103 |       ||   157
Dodge: Dodged            |    53 |    86 |   180 |   377 ||   696
Block: Buckler           |    28 |    77 |   136 |   281 ||   522
       Reflection        |     1 |       |     3 |    13 ||    17
       Rpst.: Long sword |    19 |    23 |    21 |       ||    63
       Falchion          |       |       |    35 |    87 ||   122
